 Dungeon Crawl Stone Soup version 0.23.1-38-g628c18f (webtiles) character file.

Game seed: 22556673634500270

122 night the Firebug (level 4, -1/24 HPs)
             Began as a Deep Elf Fire Elementalist on Mar 28, 2019.
             Slain by an orc warrior
             ... wielding a cursed -1 war axe
              (7 damage)
             ... on level 3 of the Dungeon.
             The game lasted 00:05:19 (2070 turns).

night the Firebug (Deep Elf Fire Elementalist)      Turns: 2070, Time: 00:05:21

Health: -1/24      AC:  2    Str:  5    XL:     4   Next: 78%
Magic:  8/12       EV: 13    Int: 21    God:
Gold:   105        SH:  0    Dex: 15    Spells: 5/12 levels left

rFire    . . .     SeeInvis .   d - +0 dagger
rCold    . . .     Gourm    .   (no shield)
rNeg     . . .     Faith    .   a - +0 robe
rPois    .         Spirit   .   (no helmet)
rElec    .         Reflect  .   (no cloak)
rCorr    .         Harm     .   (no gloves)
MR       .....                  (no boots)
Stlth    +++.......             (no amulet)
HPRegen  0.08/turn              j - ring of stealth
MPRegen  0.13/turn              (no ring)

@: no status effects
A: no striking features
a: no special abilities


You were on level 3 of the Dungeon.
You were not hungry.

You visited 1 branch of the dungeon, and saw 3 of its levels.

You collected 105 gold pieces.

Inventory:

Hand Weapons
 d - a +0 dagger (weapon)
 t - a +0 trident
Missiles
 b - 81 stones (quivered)
 o - 13 bolts
 q - 15 arrows
Armour
 a - a +0 robe (worn)
 p - a +1 leather armour of cold resistance
Jewellery
 j - a ring of stealth (left hand)
Scrolls
 e - 4 scrolls of remove curse {unknown}
 g - a scroll of fear {unknown}
 k - a scroll of teleportation {unknown}
 n - 2 scrolls of enchant weapon {unknown}
 r - a scroll of amnesia {unknown}
Potions
 h - 2 potions of curing {unknown}
 i - a potion of mutation {unknown}
 l - a potion of heal wounds {unknown}
 m - a potion of haste {unknown}
 s - a potion of agility {unknown}
Comestibles
 c - 5 rations
 f - a chunk of flesh


   Skills:
 - Level 2.6 Dodging
 - Level 2.4 Stealth
 + Level 4.5 Spellcasting
 + Level 2.8 Conjurations
 + Level 4.5 Fire Magic


You had 5 spell levels left.
You knew the following spells:

 Your Spells              Type           Power        Failure   Level  Hunger
a - Flame Tongue          Conj/Fire      ###..        2%          1    None
b - Throw Flame           Conj/Fire      ###...       3%          2    #......
c - Sticky Flame          Conj/Fire      ###.....     26%         4    ####...

Your spell library contained the following spells:

 Spells                   Type           Power        Failure   Level  Hunger
 Conjure Flame            Conj/Fire      ###.....     8%          3    ##.....
 Inner Flame              Hex/Fire       ##......     14%         3    ##.....
 Fireball                 Conj/Fire      ###.......   56%         5    ######.


Dungeon Overview and Level Annotations

Branches:
Dungeon (3/15)

Altars:
Kikubaaqudgha
Qazlal


Message History

You finish memorising.
Spell assigned to 'c'.
You climb downwards.
The orc warrior hits you with a cursed -1 war axe!!
Ouch! That really hurt!
* * * LOW HITPOINT WARNING * * *
There is a stone staircase leading up, spattered with blood here.
An orc comes into view. It is wielding a +0 whip.
An orc comes into view. It is wielding a +0 hand axe.
Casting: Throw Flame (safe; 3% risk of failure)
Confirm with . or Enter, or press ? or * to list all spells.
Aiming: Sticky Flame (quite dangerous; 26% risk of failure)
Press: ? - help, Shift-Dir - straight line, f - orc warrior
Aim: an orc warrior, wielding a -1 war axe and wearing a +0 chain mail (lightly wounded)
The sticky flame hits the orc warrior.
The orc warrior is moderately wounded.
The orc warrior is covered in liquid flames!
The orc shouts!
The orc warrior burns!
The orc warrior hits you with a cursed -1 war axe!
You die...

###?....#
##...###.#
###..#.....#
#..[....####
#...##..#
#####o)###.##
###......#
#.#
#.<.#o####
#.#
.......###@#
#.# ...####
#.# . ..#
.### .. ..
###


You could see an orc warrior (burning) and an orc.

Vanquished Creatures
  An orc priest (D:3)
  A gnoll (D:1)
  2 adders (D:2)
  An ooze (D:1)
  2 worms (D:2)
  A dart slug (D:2)
  3 leopard geckos
  An orc (D:3)
  2 bats
  4 giant cockroaches
  12 goblins
  3 hobgoblins
  3 quokkas (D:2)
  A ball python (D:2)
  4 frilled lizards
  A kobold (D:1)
  5 rats
47 creatures vanquished.

Notes
Turn   | Place    | Note
-------+----------+-------------------------------------------
     0 | D:1      | night the Deep Elf Fire Elementalist began the quest for
                  | the Orb.
     0 | D:1      | Reached XP level 1. HP: 10/10 MP: 6/6
   316 | D:1      | Reached XP level 2. HP: 14/15 MP: 2/8
   722 | D:1      | Reached XP level 3. HP: 19/19 MP: 7/10
   809 | D:2      | Found an ancient bone altar of Kikubaaqudgha.
   966 | D:2      | Learned a level 2 spell: Throw Flame
  1578 | D:2      | Reached XP level 4. HP: 24/24 MP: 9/12
  1784 | D:2      | Found a stormy altar of Qazlal.
  2008 | D:3      | Noticed an orc warrior
  2064 | D:2      | Learned a level 4 spell: Sticky Flame
  2070 | D:3      | Slain by an orc warrior

Skill      XL: |  1  2  3 |
---------------+----------+-----
Fire Magic     | 4 |  4.5
Conjurations   | 2 |  2.8
Spellcasting   | 4 |  4.5
Dodging        | |  2.6
Stealth        | |  2.4

Action                   |  1- 3 |  4- 6 || total
-------------------------+-------+-------++-------
Melee: Dagger            |    17 |     4 ||    21
 Cast: Flame Tongue      |    48 |    13 ||    61
       Throw Flame       |     9 |     7 ||    16
       Sticky Flame      |       |     1 ||     1
 Stab: Sleeping          |     3 |     3 ||     6
  Eat: Chunk             |     2 |     2 ||     4
Armor: Robe              |     4 |     1 ||     5
Dodge: Dodged            |     7 |     4 ||    11
